 Dungeon Crawl Stone Soup version 0.28.0-43-g3370ac3207 (webtiles) character file.

Game seed: 8541858099699344058

3922 funkygono the Arsonist (level 10, 0/53 HPs)
             Began as a Gargoyle Fire Elementalist on Mar 10, 2022.
             Was a Follower of Vehumet.
             Slain by Grum
             ... wielding a +1 spear
              (23 damage)
             ... on level 8 of the Dungeon.
             The game lasted 00:15:29 (10005 turns).

funkygono the Arsonist (GrFE)                      Turns: 10005, Time: 00:15:30

Health: 0/53       AC: 15    Str: 12    XL:     10   Next: 20%
Magic:  21/22      EV: 12    Int: 20    God:    Vehumet [*.....]
Gold:   301        SH:  0    Dex: 10    Spells: 15/26 levels left

rFire   . . .      SeeInvis .   u - +5 flail (venom)
rCold   . . .      Faith    .   (no shield)
rNeg    + . .      Spirit   .   B - +0 steam dragon scales
rPois   ∞          Reflect  .   h - +1 helmet
rElec   +          Harm     .   g - +0 cloak
rCorr   .          Rampage  .   (no gloves)
Will    .....                   (no boots)
Stlth   ++........              (no amulet)
HPRegen 0.17/turn               (no ring)
MPRegen 0.18/turn               (no ring)

@: no status effects
A: sickness immunity, AC +7, negative energy resistance 1, electricity
resistance, torment resistance 1, petrification resistance
a: Renounce Religion


You were on level 8 of the Dungeon.
You worshipped Vehumet.
Vehumet was aware of your devotion.
You visited 2 branches of the dungeon, and saw 9 of its levels.
You also visited: Sewer.

You collected 301 gold pieces.

Inventory:

Hand Weapons
 b - the +6 dagger "Kighoergh" {flame, rF+ Dex+6}
   (You found it on level 3 of the Dungeon)

   It burns those it strikes, dealing additional fire damage.
   Dex:       It affects your dexterity (+6).
   rF:        It protects you from fire.
 i - a +2 whip of holy wrath
 l - a +0 mace
 u - a +5 flail of venom (weapon)
 F - the +9 rapier "Toajiuc" {elec, rN+ Dex+2}
   (You found it on level 7 of the Dungeon)

   It occasionally discharges a powerful burst of electricity upon striking a
   foe.
   Dex:       It affects your dexterity (+2).
   rN:        It protects you from negative energy.
Missiles
 j - 146 stones
 t - a throwing net
Armour
 a - a +0 robe
 g - a +0 cloak (worn)
 h - a +1 helmet (worn)
 m - a +2 animal skin
 r - a +3 ring mail of willpower
 y - the +7 chain mail "Jazoiwim" {rCorr}
   (You took it off an orc on level 6 of the Dungeon)

   rCorr:     It protects you from acid and corrosion.
 B - +0 steam dragon scales (worn)
Jewellery
 G - an amulet of guardian spirit
Wands
 q - a wand of flame (9)
 z - a wand of mindburst (19)
 C - a wand of charming (7)
Scrolls
 x - 2 scrolls of fog
 D - a scroll of amnesia
Potions
 c - 3 potions of invisibility
 d - a potion of experience {unknown}
 e - 2 potions of lignification
 f - 2 potions of heal wounds
 k - 2 potions of mutation
 o - a potion of haste {unknown}
 p - a potion of magic {unknown}
 s - 4 potions of curing
 v - 2 potions of cancellation
 w - a potion of flight {unknown}
 A - a potion of ambrosia


   Skills:
 + Level 2.0 Fighting
 + Level 0.2 Short Blades
 + Level 2.9 Maces & Flails
 + Level 2.5 Dodging
 - Level 2.1 Stealth
 * Level 8.7 Spellcasting
 * Level 6.6 Conjurations
 * Level 8.7 Fire Magic


You had 15 spell levels left.
You knew the following spells:

 Your Spells              Type           Power      Damage    Failure   Level
a - Foxfire               Conj/Fire      100%       2x1d9     1%          1
b - Scorch                Fire           86%        2d9       1%          2
c - Conjure Flame         Conj/Fire      39%        6-21      1%          3
d - Flame Wave            Conj/Fire      39%        2d9       3%          4
e - Magic Dart            Conj           100%       1d8       1%          1

Your spell library contained the following spells:

 Spells                   Type           Power      Damage    Failure   Level
 Inner Flame              Hex/Fire       26%        N/A       4%          3
 Ignite Poison            Fire/Tmut/Pois 20%        N/A       7%          3
 Apportation              Tloc           16%        N/A       8%          1
 Sting                    Tmut/Pois      32%        1d4       8%          1
 Summon Small Mammal      Summ           32%        N/A       8%          1
 Call Canine Familiar     Summ           8%         N/A       24%         3
 Summon Guardian Golem    Hex/Summ       8%         N/A       24%         3
 Anguish                  Hex/Necr       4%         N/A       61%         4
 Alistair's Intoxication  Tmut/Pois      5%         N/A       91%         5
 Metabolic Englaciation   Hex/Ice        4%         N/A       91%         5


Dungeon Overview and Level Annotations

Branches:
Dungeon (8/15)             Temple (1/1) D:6           Sewer (visited)
   Lair: D:8-11

Altars:
Ashenzari
Cheibriados
Dithmenos
Elyvilon
Fedhas
Gozag
Hepliaklqana
Kikubaaqudgha
Makhleb
Nemelex Xobeh
Okawaru
Qazlal
Ru
Sif Muna
Trog
Uskayaw
Vehumet
Wu Jian
Xom
Yredelemnul
Zin
The Shining One

Annotations:
D:6 2 transporters, PhoneixS's ghost, novice DENe
D:8 Grum


Innate Abilities, Weirdness & Mutations

You are immune to sickness and miasma.
Your stone body is resilient. (AC +7)
You are immune to poison.
You resist negative energy. (rN+)
You are resistant to electric shocks. (rElec)
You are resistant to unholy torment.
You are immune to petrification.


Message History

Things that are here:
a killer bee corpse; a killer bee corpse
Found a glowing hunting sling.
A wolf comes into view.
Casting: Foxfire (safe; 1% risk of failure)
Confirm with . or Enter, or press ? or * to list all spells.
You conjure some foxfire!
Casting: Foxfire (safe; 1% risk of failure)
Confirm with . or Enter, or press ? or * to list all spells.
Flames lash the wolf.
The wolf howls!
The wolf is heavily wounded.
The wolf's fire resistance burns away.
You hear a howl! x3
The foxfire hits the wolf!
The wolf is burned terribly!
The wolf is almost dead.
The foxfire hits the wolf!
The wolf is burned terribly!
You kill the wolf!
Vehumet accepts your kill.
A wolf comes into view.
Grum and 2 wolves come into view.
Grum growls angrily.
The wolf howls!
The wolf barely misses you. The wolf closely misses you.
Grum drinks a potion.
Grum goes berserk!
You closely miss the wolf. The wolf misses you.
Grum rages.
The wolf closely misses you.
Grum hits you from afar with a +1 spear!
You hit the wolf.
The wolf is poisoned.
The wolf is moderately wounded.
The wolf bites you. The wolf closely misses you. Grum closely misses you.
The wolf bites you but does no damage. Grum hits you but does no damage.
The wolf completely misses you. Grum completely misses you.
The wolf bites you but does no damage.
Grum hits you from afar with a +1 spear!!
The wolf bites you but does no damage.
The wolf pauses to sniff the ground.
Grum rages.
Grum rages.
Grum hits you from afar with a +1 spear!!
You die...

#.# ## #.### .. #...#
#### #h#..hh........
#h############## #h#
#..)......### #.#
##.#######...##
#h###..###........#..
#.g.@........<.......
#########............
#..........#
#..........#
#..........##
##...........
#....††....#
#....<.....#
#..........#


You could see Grum (berserk) and a wolf (poisoned).

Vanquished Creatures
  Maggie (D:7)
  4 yaks (D:6)
  A steam dragon (D:7)
  A vampire mosquito (D:6)
  A water moccasin (D:7)
  An orc warrior (D:7)
  An ice beast (D:7)
  A black bear (D:5)
  3 ogres
  A wolf (D:8)
  A kobold brigand (D:4)
  6 bullfrogs
  A gnoll sergeant (D:6)
  A scorpion (D:6)
  A water moccasin skeleton (D:4)
  4 killer bees (D:8)
  A bullfrog zombie (D:6)
  2 centaur zombies
  Crazy Yiuf (D:3)
  2 orc priests
  5 hounds
  5 jellies
  A bullfrog skeleton (D:4)
  4 centaur skeletons
  Ijyb (D:4)
  4 iguanas
  3 orc wizards
  3 hound skeletons
  Robin (D:3)
  11 gnolls
  2 howler monkey zombies (D:7)
  A river rat (Sewer)
  11 adders
  A white imp (D:6)
  An adder skeleton (D:4)
  A worm (D:3)
  15 dart slugs
  21 orcs
  8 endoplasms
  7 giant cockroaches (Sewer)
  20 goblins
  11 hobgoblins
  5 quokkas
  14 ball pythons
  5 bats
  4 frilled lizards
  4 kobolds
  9 rats
213 creatures vanquished.

Vanquished Creatures (others)
  660 foxfires
660 creatures vanquished.

Grand Total: 873 creatures vanquished

Notes
Turn   | Place    | Note
-------+----------+-------------------------------------------
     0 | D:1      | funkygono the Gargoyle Fire Elementalist began the quest
                  | for the Orb.
     0 | D:1      | Reached XP level 1. HP: 10/10 MP: 3/3
   268 | D:1      | Reached XP level 2. HP: 15/15 MP: 0/5
   701 | D:1      | Reached XP level 3. HP: 19/19 MP: 0/6
   704 | D:1      | Learned a level 2 spell: Scorch
   708 | D:1      | Learned a level 3 spell: Conjure Flame
  1548 | D:2      | Reached XP level 4. HP: 24/24 MP: 4/8
  2034 | D:3      | Identified the +6 dagger "Kighoergh" {flame, rF+ Dex+6}
  2082 | D:3      | Got Gaycluxt's Compendium of Contamination and Bewitchment
  2153 | D:3      | Found a runed translucent door.
  2154 | D:3      | Noticed Crazy Yiuf
  2522 | D:3      | Reached XP level 5. HP: 28/28 MP: 4/9
  2599 | D:3      | Found a faded altar of an unknown god.
  2826 | D:3      | Noticed Robin
  2843 | D:3      | Killed Robin
  3564 | D:3      | Killed Crazy Yiuf
  3565 | D:3      | Reached XP level 6. HP: 33/33 MP: 2/11
  3643 | D:3      | Learned a level 4 spell: Flame Wave
  3869 | D:4      | Found a glowing drain.
  3880 | Sewer    | Entered a sewer
  4234 | Sewer    | Reached skill level 5 in Fire Magic
  4234 | Sewer    | Reached XP level 7. HP: 37/37 MP: 3/13
  4354 | Sewer    | Found a shimmering altar of Xom.
  4692 | D:4      | Found a sacrificial altar of Ru.
  4795 | D:4      | Noticed Ijyb
  4805 | D:4      | Killed Ijyb
  5094 | D:4      | Reached skill level 5 in Spellcasting
  5664 | D:5      | Entered Level 5 of the Dungeon
  5669 | D:5      | Reached XP level 8. HP: 41/42 MP: 10/15
  6641 | D:5      | Reached skill level 5 in Conjurations
  6648 | D:5      | Reached skill level 1 in Fighting
  6932 | D:6      | Noticed PhoneixS's ghost (novice DENe)
  6945 | D:6      | Found a transporter.
  6950 | D:6      | Found a transporter.
  6973 | D:6      | Noticed a yak
  6976 | D:6      | Noticed a yak
  6977 | D:6      | Noticed a yak
  6980 | D:6      | Noticed a yak
  6981 | D:6      | Killed a yak
  7007 | D:6      | Killed a yak
  7008 | D:6      | Reached XP level 9. HP: 35/47 MP: 11/19
  7012 | D:6      | Reached skill level 1 in Maces & Flails
  7370 | D:6      | Found a staircase to the Ecumenical Temple.
  7377 | Temple   | Entered the Ecumenical Temple
  7421 | Temple   | Became a worshipper of Vehumet
  7874 | D:6      | Identified the +7 chain mail "Jazoiwim" {rCorr}
  8949 | D:7      | Reached * piety under Vehumet
  8949 | D:7      | Offered knowledge of Magic Dart by Vehumet.
  8977 | D:7      | Noticed Maggie
  8989 | D:7      | Killed Maggie
  9005 | D:7      | Reached XP level 10. HP: 30/53 MP: 11/22
  9342 | D:7      | Identified the +9 rapier "Toajiuc" {elec, rN+ Dex+2}
  9880 | D:7      | Learned a level 1 spell: Magic Dart
  9995 | D:8      | Noticed Grum
 10005 | D:8      | Slain by Grum

Illustrated notes

Levels and vault maps discovered:
D:1:      sevenhm_arrival_forest_fort_small_5, layout_basic
D:2:      layout_rooms
D:3:      kennysheep_slugbush, layout_loops_ring, basic_ecumenical_altar,
          uniq_robin, uniq_crazy_yiuf_cottage
D:4:      layout_loops_ring, amcnicky_altar_gilded, portal_sewer_entry_d,
          uniq_ijyb
D:5:      layout_loops_ring, kennysheep_generic_room_16
D:6:      minmay_spotlight, layout_basic, minmay_temple_entry_hall,
          gammafunk_ghost_hive
D:7:      layout_loops_corners, uniq_maggie
D:8:      layout_rooms, serial_co_window_serial, co_window_corner_a,
          co_window_corner_a, co_window_of_opportunity_a, co_window_corner_a,
          co_window_paths_b, co_window_of_opportunity_b, co_window_broadway_b,
          co_window_broadway_c, co_window_paths_c, co_window_4corner_a,
          glass_columns_b, glass_columns_b, glass_columns_b, uniq_grum
Temple:   mainiacjoe_temple_hex_bubbles

Skill      XL: |  1  2  3  4  5  6  7  8  9 10 |
---------------+-------------------------------+-----
Fire Magic     | 4 5 6 8 |  8.7
Conjurations   | 2 3 4 5 6 |  6.6
Spellcasting   | 3 4 5 6 8 |  8.7
Dodging        | 2 |  2.5
Fighting       | 1 2 |  2.0
Maces & Flails | 2 |  2.9
Short Blades   | |  0.2
Stealth        | |  2.1

Action                   |  1- 3 |  4- 6 |  7- 9 | 10-12 || total
-------------------------+-------+-------+-------+-------++-------
Melee: Club              |    13 |       |       |       ||    13
       Unarmed           |     1 |       |       |       ||     1
       Dagger            |       |    10 |     1 |       ||    11
       Flail             |       |       |    41 |    14 ||    55
       Whip              |       |       |     3 |       ||     3
 Cast: Foxfire           |    47 |   125 |   182 |    35 ||   389
       Scorch            |     4 |    14 |    43 |     2 ||    63
       Conjure Flame     |       |     1 |       |       ||     1
       Flame Wave        |       |       |       |     1 ||     1
  Use: Scroll            |       |    10 |     7 |     2 ||    19
 Stab: Sleeping          |     1 |       |       |       ||     1
Armor: Robe              |    14 |    10 |       |       ||    24
       Animal skin       |       |     1 |    50 |       ||    51
       Steam dragon scal |       |       |       |    12 ||    12
Dodge: Dodged            |    15 |    18 |    65 |    16 ||   114
